Map: Ascension to Aiur LE

Players

ByuN - Winner!

  • Race: Terran Terran
  • Spawn Location: 5:00

Harstem

  • Race: Protoss Protoss
  • League: Master
  • Spawn Location: 11:00

Event: HomeStory Cup XV

VOD

Have the link to the VOD?

Description

Time

  • Played on: July 23, 2017, 11:58 a.m.
  • Length: 12:52

All games in this series

Show
View Real Time Build Order
Export as new Build Order

ByuN Terran - Winner!

Build Orders: Cyclone Opening, Reaper Expand, MMM Bio 

Get SALT Encoding   

  12  0:01  SCV  
  13  0:13  SCV  
  14  0:17  Supply Depot  
  14  0:25  SCV  
  15  0:38  SCV  
  15  0:40  Barracks  
  16  0:43  Refinery  
  16  0:50  SCV  
  17  1:02  SCV  
  18  1:15  SCV  
  19  1:27  Orbital Command, Reaper  
  20  1:40  Command Center  
  20  1:49  Supply Depot  
  20  1:53  SCV  
  21  1:59  Marine  
  22  2:04  Factory  
  22  2:08  SCV  
  23  2:12  Refinery  
  23  2:19  Barracks Reactor  
  23  2:20  SCV  
  24  2:33  SCV  
  25  2:45  SCV  
  25  2:48  Cyclone  
  29  2:54  Orbital Command  
  29  2:56  Marine x2  
  29  2:57  SCV  
  32  3:09  SCV  
  33  3:14  Command Center  
  33  3:23  SCV x2  
  33  3:26  Cyclone  
  38  3:29  Widow Mine  
  38  3:32  Barracks Tech Lab  
  40  3:35  SCV x2  
  40  3:40  Supply Depot  
  42  3:47  SCV  
  42  3:48  SCV  
  43  3:51  Stimpack, Marine  
  44  4:00  SCV x2  
  46  4:03  Barracks  
  46  4:07  Barracks  
  46  4:09  Marine, Factory Reactor  
  47  4:14  SCV  
  47  4:15  SCV  
  49  4:18  Bunker  
  49  4:26  Marine  
  49  4:27  SCV x2, Orbital Command  
  52  4:37  Starport  
  52  4:39  SCV x2  
  52  4:44  Marine  
  53  4:47  Widow Mine x2  
  53  4:51  SCV x2  
  59  4:53  Refinery  
  59  4:54  SCV, Engineering Bay  
  59  4:59  Supply Depot  
  60  5:03  Marine x3, SCV x2  
  60  5:06  SCV  
  66  5:15  SCV x2  
  66  5:21  Marine x3, Medivac  
  72  5:23  Terran Infantry Weapons Level 1  
  72  5:24  Factory Reactor  
  72  5:25  Marine x2  
  75  5:30  Refinery  
  75  5:31  SCV x2  
  77  5:37  Supply Depot  
  77  5:38  Supply Depot  
  77  5:39  Supply Depot  
  77  5:40  Orbital Command  
  77  5:51  Starport Reactor  
  77  5:53  Barracks, Missile Turret  
  77  5:54  Barracks  
  77  5:55  Supply Depot  
  77  5:58  Marine x3  
  77  5:59  SCV x2  
  77  6:00  Marine, Combat Shields  
  77  6:02  Missile Turret  
  83  6:06  Marine  
  83  6:08  Widow Mine x2  
  88  6:12  SCV x3  
  88  6:16  Marine x2  
  93  6:23  Marine x2, Supply Depot  
  93  6:24  SCV x3, Marine  
  99  6:27  Missile Turret  
  99  6:29  Medivac  
  99  6:32  Medivac  
  103  6:33  Supply Depot  
  103  6:34  Marine x2  
  103  6:36  SCV x2  
  103  6:38  SCV  
  108  6:46  Liberator x2  
  108  6:49  Barracks Tech Lab x2  
  108  6:50  Marine x3, Widow Mine x2  
  108  6:52  Marine x2  
  117  6:55  SCV x3  
  117  6:56  Supply Depot  
  116  7:08  Concussive Shells  
  122  7:09  Marauder x3, Marine  
  122  7:11  Marine  
  130  7:17  Marine x2  
  130  7:18  Supply Depot  
  130  7:22  Terran Infantry Armor Level 1  
  132  7:25  Armory  
  132  7:26  Engineering Bay  
  132  7:28  SCV x3  
  134  7:40  SCV x3  
  134  7:42  Marauder  
  134  7:43  Marauder  
  134  7:44  Marauder, Marine x2  
  140  7:45  Supply Depot  
  140  7:47  Marine  
  140  7:48  Supply Depot  
  140  7:49  Marine, Supply Depot  
  138  7:57  Liberator  
  138  7:58  Liberator  
  140  7:59  SCV x2, Refinery  
  141  8:07  Refinery  
  141  8:11  Marauder x3, Marine x2  
  141  8:12  Marine x2  
  154  8:20  Widow Mine x2  
  154  8:22  Terran Infantry Weapons Level 2  
  154  8:24  Terran Ship Weapons Level 1, Supply Depot  
  158  8:30  Marine x2  
  158  8:31  Marine x2  
  158  8:32  Marauder x3  
  168  8:40  Liberator x2  
  168  8:48  Marine x2  
  167  8:49  Marine x2  
  167  8:54  Marauder x3  
  178  9:10  Supply Depot  
  178  9:11  Supply Depot  
  178  9:14  Supply Depot  
  178  9:15  Marauder x3  
  178  9:16  Marine x2  
  186  9:19  Command Center  
  186  9:20  Marine  
  186  9:21  Marine  
  186  9:22  Widow Mine  
  185  9:33  SCV  
  185  9:34  SCV x2  
  185  9:37  Marauder  
  181  9:39  Marine x2  
  181  9:45  SCV, Widow Mine  
  176  9:59  Terran Infantry Armor Level 2  
  176  10:08  Marauder x3  
  176  10:10  Marine x4  
  185  10:20  Starport  
  185  10:28  SCV x2  
  185  10:31  SCV  
  185  10:32  Marauder x2  
  185  10:33  Marine x4  
  190  10:53  Planetary Fortress  
  190  10:57  Viking x2  
  190  10:58  Viking x2  
  198  11:14  Marauder x2  
  200  11:23  Marauder  
  190  11:30  Marine  
  190  11:31  Marine x3  
  171  11:32  Viking  
  171  11:33  Viking x2  
  171  11:35  Marauder x2  
  171  11:36  Viking  
  166  11:44  Marauder  
  165  11:48  Marine x2  
  162  11:57  Marauder x2  
  154  12:02  Missile Turret, Viking  
  154  12:03  Viking x2  
  154  12:06  Marauder, Medivac  
  158  12:10  SCV  
  158  12:11  SCV x3  
  162  12:18  Marauder x2  
  162  12:20  Marine x2  
  168  12:27  Marauder  
Show
View Real Time Build Order
Export as new Build Order

Harstem Protoss 

Build Orders: 1 Gate Expand, Oracle Opening, Phoenix Opening 

Get SALT Encoding   

  12  0:00  Probe (Chrono Boost)  
  13  0:11  Probe (Chrono Boost)  
  14  0:17  Pylon  
  14  0:22  Probe (Chrono Boost)  
  16  0:35  Probe (Chrono Boost)  
  16  0:37  Gateway  
  16  0:46  Probe (Chrono Boost)  
  16  0:47  Assimilator  
  17  0:57  Probe (Chrono Boost)  
  18  1:07  Probe (Chrono Boost)  
  19  1:18  Probe (Chrono Boost)  
  20  1:23  Nexus  
  20  1:34  Cybernetics Core  
  20  1:37  Probe (Chrono Boost)  
  21  1:46  Assimilator  
  21  1:48  Probe (Chrono Boost)  
  21  1:53  Pylon  
  22  1:58  Probe (Chrono Boost)  
  23  2:11  Probe (Chrono Boost), Adept (Chrono Boost)  
  23  2:12  Warp Gate  
  26  2:23  Probe  
  26  2:26  Stargate  
  27  2:36  Adept (Chrono Boost)  
  29  2:40  Probe (Chrono Boost)  
  29  2:42  Probe (Chrono Boost)  
  30  2:52  Probe (Chrono Boost)  
  30  2:53  Probe (Chrono Boost)  
  30  2:58  Gateway  
  32  3:02  Probe (Chrono Boost)  
  32  3:03  Probe (Chrono Boost)  
  34  3:09  Oracle (Chrono Boost)  
  37  3:13  Probe x2, Adept  
  41  3:24  Probe, Pylon  
  41  3:25  Probe  
  43  3:34  Probe  
  43  3:37  Probe  
  45  3:42  Pylon, Phoenix (Chrono Boost)  
  45  3:45  Probe  
  48  3:49  Probe  
  49  3:59  Nexus  
  49  4:02  Pylon  
  49  4:03  Probe (Chrono Boost)  
  49  4:09  Probe (Chrono Boost)  
  50  4:16  Mothership Core (Chrono Boost)  
  53  4:17  Phoenix (Chrono Boost)  
  53  4:19  Probe  
  53  4:22  Adept  
  58  4:25  Assimilator  
  58  4:29  Probe, Assimilator, Adept  
  61  4:37  Probe  
  62  4:40  Probe  
  62  4:44  Phoenix (Chrono Boost)  
  65  4:49  Probe  
  65  4:50  Probe  
  67  4:53  Pylon  
  67  4:56  Forge, Twilight Council  
  67  5:01  Probe  
  67  5:02  Probe  
  69  5:10  Probe  
  69  5:12  Probe  
  69  5:13  Phoenix (Chrono Boost)  
  69  5:14  Probe  
  74  5:20  Probe, Adept  
  74  5:21  Sentry  
  78  5:22  Probe, Resonating Glaives  
  78  5:24  Gateway  
  80  5:28  Probe  
  80  5:29  Protoss Ground Weapons Level 1 (Chrono Boost)  
  81  5:38  Probe  
  81  5:41  Probe x2  
  84  5:49  Probe  
  84  5:51  Probe  
  84  5:53  Probe  
  84  5:55  Gateway x2  
  84  5:56  Pylon, Gateway  
  87  5:57  Adept  
  87  6:00  Pylon  
  89  6:04  Adept  
  89  6:08  Probe  
  89  6:10  Pylon  
  93  6:14  Phoenix  
  93  6:15  Gateway  
  93  6:17  Gateway  
  94  6:20  Adept x2  
  94  6:22  Probe  
  99  6:27  Pylon, Probe  
  100  6:33  Adept  
  100  6:34  Probe  
  100  6:35  Probe  
  100  6:38  Pylon  
  100  6:39  Phoenix (Chrono Boost)  
  106  6:50  Probe  
  106  6:51  Probe x2  
  106  6:52  Adept x4  
  113  6:55  Assimilator  
  113  7:00  Probe  
  113  7:02  Robotics Facility, Assimilator  
  113  7:04  Phoenix (Chrono Boost)  
  113  7:05  Protoss Ground Armor Level 1 (Chrono Boost)  
  116  7:09  Pylon  
  116  7:11  Photon Cannon  
  116  7:20  Forge  
  116  7:21  Adept x4  
  124  7:26  Adept  
  124  7:27  Probe  
  124  7:29  Pylon  
  125  7:44  Probe  
  125  7:50  Adept x5  
  134  7:51  Warp Prism (Chrono Boost)  
  134  7:53  Robotics Bay  
  134  7:54  Robotics Facility  
  136  7:59  Pylon  
  136  8:02  Protoss Ground Weapons Level 2  
  136  8:04  Blink  
  134  8:08  Probe  
  135  8:14  Stalker x3  
  141  8:20  Probe  
  141  8:21  Pylon, Stalker  
  141  8:25  Observer (Chrono Boost)  
  145  8:33  Adept x4  
  153  8:34  Pylon  
  153  8:42  Pylon  
  153  8:43  Disruptor (Chrono Boost)  
  160  8:48  Extended Thermal Lance  
  160  8:51  Colossus (Chrono Boost)  
  154  9:08  Stalker x3  
  160  9:15  Colossus (Chrono Boost)  
  166  9:21  Adept x5  
  170  9:34  Adept x3  
  159  9:41  Adept x2  
  159  9:43  Colossus (Chrono Boost)  
  144  9:47  Adept x2  
  138  10:04  Nexus  
  138  10:05  Sentry, Adept x2  
  138  10:06  Colossus (Chrono Boost)  
  149  10:11  Pylon  
  149  10:19  Pylon  
  149  10:21  Protoss Ground Armor Level 2  
  148  10:22  Pylon  
  148  10:32  Pylon x2  
  142  10:50  Disruptor (Chrono Boost)  
  142  10:53  Sentry, Adept  
  142  10:55  Zealot x3  
  158  10:58  Disruptor (Chrono Boost)  
  158  11:00  Pylon  
  158  11:17  Stalker  
  158  11:19  Stalker x2  
  158  11:21  Stalker x3  
  159  11:28  Stalker x4  
  150  11:34  Stalker  
  119  11:54  Stalker x5  
  117  12:02  Adept x3  
  123  12:17  Adept x3  
Tags
 
Add a new tag
Caveats
  • Supply blocks, unpowered buildings, or Contaminate may cause inaccurate times.
  • Supply counts are checked every 10 seconds.